 Dungeon Crawl Stone Soup version 0.30-a0-414-gcb316572d5 (webtiles) character file.

Game seed: 2119557071172107423

265 ragingrage the Slasher (level 5, 0/45 HPs)
             Began as a Draconian Delver on Dec 7, 2022.
             Slain by a gnoll
             ... wielding a +0 spear
              (1 damage)
             ... on level 2 of the Dungeon.
             The game lasted 00:03:04 (2930 turns).

ragingrage the Slasher (Draconian Delver)           Turns: 2930, Time: 00:03:05

Health: 0/45       AC:  5    Str: 14    XL:     5   Next: 99%
Magic:  5/5        EV: 12    Int: 11    God:
Gold:   26         SH:  0    Dex: 14    Spells: 4/4 levels left

rFire   . . .      SeeInvis .    a - +0 falchion
rCold   . . .      Faith    .    (no shield)
rNeg    . . .      Spirit   .    (body armour unavailable)
rPois   .          Reflect  .    (helmet restricted)
rElec   .          Harm     .    (no cloak)
rCorr   .          Rampage  .    (no gloves)
Will    .....                    (no boots)
Stlth   +++.......               (no amulet)
HPRegen 0.27/turn                (no ring)
MPRegen 0.09/turn                (no ring)

@: no status effects
A: AC +5, unfitting armour, cold-blooded
a: no special abilities


You were on level 2 of the Dungeon.
You visited 1 branch of the dungeon, and saw 6 of its levels.

You collected 82 gold pieces.
You spent 56 gold pieces at shops.

Inventory:

Hand Weapons
 a - a +0 falchion (weapon)
Missiles
 h - 6 boomerangs (quivered)
Jewellery
 g - a ring of protection from fire
Wands
 f - a wand of digging (3)
Scrolls
 b - a scroll of fog
 c - a scroll of magic mapping
 d - a scroll of fear
 e - a scroll of silence {unknown}
 i - 2 scrolls of identify {unknown}
 l - 2 scrolls of vulnerability {unknown}
 n - a scroll of teleportation {unknown}
 p - a scroll of butterflies {unknown}
 q - a scroll of brand weapon {unknown}
Potions
 j - a potion of might
 k - 2 potions of curing
 m - a potion of magic {unknown}
 o - a potion of experience {unknown}


   Skills:
 - Level 3.2 Fighting
 + Level 6.3 Long Blades
 - Level 1.7 Dodging
 - Level 4.5 Stealth


You had 4 spell levels left.
You didn't know any spells.
Your spell library contained the following spells:

 Spells                   Type           Power      Damage    Failure   Level
 Slow                     Hex            0%         N/A       34%         1
 Confusing Touch          Hex            0%         N/A       71%         3
 Vampiric Draining        Necr           0%         2d6       71%         3


Dungeon Overview and Level Annotations

Branches:
Dungeon (6/15)
 Temple: D:4-7

Altars:

Shops:
D:2 !*

Annotations:
D:5 exclusion: oklob sapling
D:6 exclusion: wyvern, Prince Ribbit


Innate Abilities, Weirdness & Mutations

Your plain brown scales are hard. (AC +5)
You cannot fit into any form of body armour.
You are cold-blooded and may be slowed by cold attacks.


Message History

No target in view!
No target in view!
q - a scroll labelled ULARUU RANIOSCH
Found a pair of boots.
A gnoll is nearby!
The gnoll shouts! x2; You hear a shout!
The gnoll shouts!
The gnoll barely misses you.
You closely miss the gnoll. The gnoll misses you. The gnoll closely misses you.
You hit the gnoll.
The gnoll is moderately wounded.
The gnoll hits you with a +0 club. The gnoll hits you with a +0 flail.
You are too injured to fight recklessly!
You are too injured to fight recklessly!
You are too injured to fight recklessly!
You are too injured to fight recklessly!
You are too injured to fight recklessly!
You are too injured to fight recklessly!
You are too injured to fight recklessly!
You are too injured to fight recklessly!
The gnoll attacks as you move away! The gnoll barely misses you.
You hit the gnoll.
Your tail-slap misses the gnoll.
The gnoll is severely wounded.
The gnoll hits you with a +0 club. The gnoll hits you but does no damage.
You hit the gnoll.
Your tail-slap misses the gnoll.
The gnoll is almost dead.
The gnoll hits you with a +0 club.
The gnoll hits you from afar with a +0 spear!
You hit the gnoll.
You kill the gnoll!
The gnoll barely misses you. The gnoll misses you.
The gnoll attacks as you move away! The gnoll hits you with a +0 whip!
You hit the gnoll.
The gnoll is heavily wounded.
The gnoll hits you with a +0 flail!
* * * LOW HITPOINT WARNING * * *
It was a potion of curing.
You feel better. The gnoll hits you with a +0 flail!
* * * LOW HITPOINT WARNING * * *
The gnoll hits you from afar with a +0 spear.
You die...

#....##.# #.......######..
#...(...# ###.###........#
##...#### #.# ######### #...#
#.# #...###### #.############
#........# #............#
####...####.# #...##.....<.#
.............######.###.......#
..............@g.##.##..(.....#
.............###g##.##........#
[##.#...#.##.#...gr...........#
#.#........#.#.##...........# #
#...#.####.#.......########
#...#.# #.#..##...# #...#.#
..........# ... ..# ..........#
##### ### ## .##.......# #....


You could see 3 gnolls and a rat.

Vanquished Creatures
  A necrophage (D:6)
  Natasha (thrice) (D:1)
  An iguana (D:6)
  Robin (D:2)
  2 gnolls
  3 adders
  A dart slug (D:1)
  3 ball pythons
  3 endoplasms (D:1)
  3 giant cockroaches
  4 hobgoblins
  3 kobolds
  A quokka (D:3)
  3 bats
  2 frilled lizards (D:1)
  12 goblins
  2 rats (D:1)
48 creatures vanquished.

Vanquished Creatures (others)
  6 plants (D:2)
6 creatures vanquished.

Grand Total: 54 creatures vanquished

Notes
Turn   | Place    | Note
-------+----------+-------------------------------------------
     0 | D:5      | ragingrage the Draconian Delver began the quest for the
                  | Orb.
     0 | D:5      | Reached XP level 1. HP: 19/19 MP: 1/1
    10 | D:5      | Noticed an oklob sapling
    20 | D:5      | Noticed a hound
    84 | D:5      | Noticed an ogre
   147 | D:6      | Noticed a necrophage
   150 | D:6      | Noticed Prince Ribbit
   160 | D:6      | Killed a necrophage
   161 | D:6      | Reached skill level 4 in Long Blades
   161 | D:6      | Reached XP level 2. HP: 11/26 MP: 2/2
   161 | D:6      | Reached XP level 3. HP: 13/31 MP: 3/3
   268 | D:6      | Noticed a wyvern
   332 | D:6      | Noticed a phantom
   349 | D:6      | Reached XP level 4. HP: 25/38 MP: 4/4
   411 | D:6      | Noticed a phantom
   441 | D:5      | HP: 1/38 [hound (3)]
   797 | D:3      | Identified the +1 robe of the Kettle-Drum {-Tele Fly rC+
                  | Will+}
   868 | D:2      | Found Lesic's Distillery.
   875 | D:2      | Bought a potion of might for 56 gold pieces
  1087 | D:1      | Reached skill level 5 in Long Blades
  1615 | D:2      | Noticed Natasha
  1635 | D:1      | Killed Natasha
  1636 | D:1      | Reached XP level 5. HP: 22/45 MP: 5/5
  2241 | D:1      | Noticed Natasha
  2254 | D:1      | Killed Natasha
  2303 | D:1      | Noticed Natasha
  2312 | D:1      | Killed Natasha
  2467 | D:2      | Noticed Robin
  2478 | D:2      | Reached skill level 6 in Long Blades
  2578 | D:2      | Killed Robin
  2595 | D:2      | Found Ruzuyram's Assorted Antiques.
  2930 | D:2      | HP: 1/45 [gnoll/+0 flail (12)]
  2930 | D:2      | Slain by a gnoll

Illustrated notes

Levels and vault maps discovered:
D:1:      amcnicky_arrival_wind_blow, layout_basic
D:2:      layout_loops_cross, serial_shops, shop,
          nicolae_shop_overgrown_old_shop, nicolae_shop_statue_plus,
          nicolae_shop_window_shopping, shop_statue,
          hangedman_decor_clover_reticule, uniq_natasha, uniq_robin
D:3:      layout_basic, grunt_temple_overflow_cloverleaf, minmay_unequal
D:4:      layout_rooms, mainiacjoe_overflow_brackets, gup_sewer_entry_spiral
D:5:      layout_layer_cave, mainiacjoe_overflow_chevrons, grunt_gozag_statues,
          minmay_temple_entry_oklob, chequers_serial_rivers_small_a
D:6:      layout_basic, uniq_prince_ribbit1

Skill      XL: |  1  2  3  4  5 |
---------------+----------------+-----
Long Blades    | 4 5 6 |  6.3
Fighting       | |  3.2
Dodging        | |  1.7
Stealth        | |  4.5

Action                   |  1- 3 |  4- 6 || total
-------------------------+-------+-------++-------
Melee: Falchion          |     9 |   158 ||   167
       Tailslap          |     2 |    18 ||    20
       Punch             |       |     2 ||     2
Throw: Boomerang         |     1 |       ||     1
  Use: Potion            |       |     3 ||     3
 Stab: Sleeping          |       |     5 ||     5
Armor: Skin              |     2 |    56 ||    58
Dodge: Dodged            |     4 |   130 ||   134

Table legend: (Time is in decaauts)
 A = Elapsed time spent in this place.
 B = Non-inter-level travel time spent in this place.
 C = Inter-level travel time spent in this place.
 D = Time resting spent in this place.
 E = Time spent auto-exploring this place.
 F = Levels seen in this place.
 G = Mean time per level.
                   A        B        C        D        E       F      G
               +--------+--------+--------+--------+--------+-----+--------+
         Total |   2921 |   2845 |     76 |    768 |   1501 |   6 |  486.8 |
       Dungeon |   2921 |   2845 |     76 |    768 |   1501 |   6 |  486.8 |
               +--------+--------+--------+--------+--------+-----+--------+

Top non-repeatable levels by time:
     D:1: 1636 daAuts
     D:2: 453 daAuts
     D:3: 354 daAuts
     D:6: 312 daAuts
     D:5: 148 daAuts
     D:4: 16 daAuts
